TOP OF THE 1ST |
Little Caesars Hot N Readys batting - Pitching for Athletic Club KC Academy : LHP Jesús Otero
|
Pitching: LHP Jesús Otero
|
|
Batting: LHB Pedro García
|
0-0: Foul Ball, location: 2F 0-1: Called Strike 0-2: SINGLE (Groundball, 6MD)
|
Batting: SHB Tony Gutiérrez
|
0-0: Ball 1-0: Called Strike 1-1: SINGLE (Groundball, 56D) Pedro García to second
|
Batting: RHB Lorenzo Ruíz
|
0-0: Ball 1-0: Ball 2-0: Fly out, F8 (Flyball, 78XD) Runner from 2nd tags up, SAFE at 3rd, no throw
|
Batting: RHB Luis Aragón
|
0-0: Ball 1-0: Called Strike 1-1: Swinging Strike 1-2: Fly out, F6 (Line Drive, 6M) Lined into DP, 6-5 (Line Drive, 6M)
|
Top of the 1st over - 0 run(s), 2 hit(s), 0 error(s), 1 left on base; Little Caesars 0 - Athletic Club KC Academy 0 |
BOTTOM OF THE 1ST |
Athletic Club KC Academy batting - Pitching for Little Caesars Hot N Readys : RHP Luis Bustamante
|
Pitching: RHP Luis Bustamante
|
|
Batting: RHB Jesús Vargas
|
0-0: Reached on error, E9 (Flyball, 9D)
|
Batting: RHB Rafael García
|
0-0: Grounds into double play, 1-6-3 (Groundball, P)
|
Batting: LHB Tsai Ng
|
0-0: Ball 1-0: Foul Ball, location: 2F 1-1: Swinging Strike 1-2: Ball 2-2: Ball 3-2: Ground out 3-1 (Groundball, 34)
|
Bottom of the 1st over - 0 run(s), 0 hit(s), 1 error(s), 0 left on base; Little Caesars 0 - Athletic Club KC Academy 0 |
TOP OF THE 2ND |
Little Caesars Hot N Readys batting - Pitching for Athletic Club KC Academy : LHP Jesús Otero
|
Batting: RHB Júlio Morín
|
0-0: Ball 1-0: SINGLE (Groundball, 5S) (infield hit)
|
Batting: LHB Sean Angwin
|
0-0: Ball Júlio Morín steals 2nd base 1-0: Ball 2-0: Ball 3-0: Base on Balls
|
Batting: LHB Greg Scroggins
|
0-0: Called Strike 0-1: Ball 1-1: Ball 2-1: Ball 3-1: Called Strike 3-2: Base on Balls Júlio Morín to third Sean Angwin to second
|
Batting: SHB Bernard Gauthier
|
0-0: Ball 1-0: Foul Ball, location: 2F 1-1: DOUBLE (Line Drive, 89M) Júlio Morín scores Sean Angwin scores Greg Scroggins to third
|
Batting: SHB Allen Pandey
|
0-0: Ground out U3 (Groundball, 23)
|
Batting: LHB Pedro García
|
0-0: Called Strike 0-1: Foul Ball, location: 2F 0-2: Strikes out swinging
|
Batting: SHB Tony Gutiérrez
|
0-0: Ball 1-0: Swinging Strike 1-1: Foul Ball, location: 2F 1-2: Strikes out swinging
|
Top of the 2nd over - 2 run(s), 2 hit(s), 0 error(s), 2 left on base; Little Caesars 2 - Athletic Club KC Academy 0 |
BOTTOM OF THE 2ND |
Athletic Club KC Academy batting - Pitching for Little Caesars Hot N Readys : RHP Luis Bustamante
|
Batting: RHB Andrés Medina
|
0-0: SINGLE (Groundball, 15S) (infield hit)
|
Batting: LHB Héctor Barrios
|
0-0: Ball 1-0: Called Strike 1-1: Ball 2-1: Swinging Strike 2-2: Strikes out swinging
|
Batting: RHB Khal Drogo
|
0-0: Swinging Strike 0-1: Ball 1-1: Ball 2-1: Ball 3-1: Base on Balls Andrés Medina to second
|
Batting: RHB Kenny Smith
|
0-0: Ball 1-0: Ball 2-0: Ball 3-0: Called Strike 3-1: SINGLE (Groundball, 56D) Andrés Medina to third Khal Drogo to second Runner from 3rd tries for Home, SAFE, throw made home
|
Batting: RHB Fernando Rodríguez
|
0-0: Ball 1-0: Ball 2-0: Called Strike 2-1: Ball 3-1: Foul Ball, location: 2F 3-2: Base on Balls Khal Drogo to third Kenny Smith to second
|
Batting: SHB Gerald Merendino
|
0-0: Swinging Strike 0-1: Swinging Strike 0-2: Ball 1-2: Ball 2-2: Strikes out swinging
|
Batting: RHB Jesús Vargas
|
0-0: Ball 1-0: Swinging Strike 1-1: Swinging Strike 1-2: Foul Ball, location: 2F 1-2: Fielders Choice at 2nd, 6-4 (Groundball, 6)
|
Bottom of the 2nd over - 1 run(s), 2 hit(s), 0 error(s), 2 left on base; Little Caesars 2 - Athletic Club KC Academy 1 |
TOP OF THE 3RD |
Little Caesars Hot N Readys batting - Pitching for Athletic Club KC Academy : LHP Jesús Otero
|
Batting: RHB Lorenzo Ruíz
|
0-0: Foul Ball, location: 2F 0-1: Swinging Strike 0-2: Ball 1-2: SINGLE (Groundball, 6MD)
|
Batting: RHB Luis Aragón
|
0-0: Fly out, F8 (Flyball, 8RM)
|
Batting: RHB Júlio Morín
|
0-0: Ball 1-0: Grounds into double play, 6-4-3 (Groundball, 6)
|
Top of the 3rd over - 0 run(s), 1 hit(s), 0 error(s), 0 left on base; Little Caesars 2 - Athletic Club KC Academy 1 |
BOTTOM OF THE 3RD |
Athletic Club KC Academy batting - Pitching for Little Caesars Hot N Readys : RHP Luis Bustamante
|
Batting: RHB Rafael García
|
0-0: Ball 1-0: Ground out 6-3 (Groundball, 6)
|
Batting: LHB Tsai Ng
|
0-0: Called Strike 0-1: Foul Ball, location: 2F 0-2: Fly out, F3 (Popup, 3)
|
Batting: RHB Andrés Medina
|
0-0: Ball 1-0: Foul Ball, location: 2F 1-1: Fly out, F9 (Flyball, 9S)
|
Bottom of the 3rd over - 0 run(s), 0 hit(s), 0 error(s), 0 left on base; Little Caesars 2 - Athletic Club KC Academy 1 |
TOP OF THE 4TH |
Little Caesars Hot N Readys batting - Pitching for Athletic Club KC Academy : LHP Jesús Otero
|
Batting: LHB Sean Angwin
|
0-0: Foul Ball, location: 2F 0-1: Called Strike 0-2: Foul Ball, location: 2F 0-2: Ball 1-2: Strikes out swinging
|
Batting: LHB Greg Scroggins
|
0-0: Ball 1-0: Called Strike 1-1: Swinging Strike 1-2: Ball 2-2: SINGLE (Line Drive, 6MD)
|
Batting: SHB Bernard Gauthier
|
0-0: Fly out, F7 (Flyball, 7)
|
Batting: SHB Allen Pandey
|
0-0: Ball 1-0: Foul Ball, location: 2F 1-1: Swinging Strike 1-2: Strikes out swinging
|
Top of the 4th over - 0 run(s), 1 hit(s), 0 error(s), 1 left on base; Little Caesars 2 - Athletic Club KC Academy 1 |
BOTTOM OF THE 4TH |
Athletic Club KC Academy batting - Pitching for Little Caesars Hot N Readys : RHP Luis Bustamante
|
Batting: LHB Héctor Barrios
|
0-0: Ball 1-0: Called Strike 1-1: Ball 2-1: Swinging Strike 2-2: SOLO HOME RUN (Flyball, 9D), Distance : 388 ft
|
Batting: RHB Khal Drogo
|
0-0: Ground out 1-3 (Groundball, 13S)
|
Batting: RHB Kenny Smith
|
0-0: Ball 1-0: Called Strike 1-1: Ball 2-1: Ball 3-1: Base on Balls
|
Batting: RHB Fernando Rodríguez
|
0-0: Called Strike 0-1: Foul Ball, location: 2F 0-2: Ground out 5-3 (Groundball, 56S) Kenny Smith to second
|
Batting: SHB Gerald Merendino
|
0-0: Foul Ball, location: 2F 0-1: Foul Ball, location: 2F 0-2: Ball 1-2: Strikes out looking
|
Bottom of the 4th over - 1 run(s), 1 hit(s), 0 error(s), 1 left on base; Little Caesars 2 - Athletic Club KC Academy 2 |
TOP OF THE 5TH |
Little Caesars Hot N Readys batting - Pitching for Athletic Club KC Academy : LHP Jesús Otero
|
Batting: LHB Pedro García
|
0-0: Called Strike 0-1: Swinging Strike 0-2: Ground out 1-3 (Groundball, 13)
|
Batting: SHB Tony Gutiérrez
|
0-0: Ball 1-0: Foul Ball, location: 2F 1-1: Swinging Strike 1-2: Ball 2-2: Fly out, F4 (Popup, 4MD)
|
Batting: RHB Lorenzo Ruíz
|
0-0: Ball 1-0: Called Strike 1-1: Foul Ball, location: 2F 1-2: Strikes out swinging
|
Top of the 5th over - 0 run(s), 0 hit(s), 0 error(s), 0 left on base; Little Caesars 2 - Athletic Club KC Academy 2 |
BOTTOM OF THE 5TH |
Athletic Club KC Academy batting - Pitching for Little Caesars Hot N Readys : RHP Luis Bustamante
|
Batting: RHB Jesús Vargas
|
0-0: Ball 1-0: Called Strike 1-1: Ball 2-1: Ground out 5-3 (Groundball, 5S)
|
Batting: RHB Rafael García
|
0-0: Swinging Strike 0-1: SINGLE (Groundball, 56D)
|
Batting: LHB Tsai Ng
|
0-0: Ball 1-0: Called Strike 1-1: Foul Ball, location: 2F 1-2: Foul Ball, location: 2F 1-2: 2-RUN HOME RUN (Flyball, 9D), Distance : 370 ft
|
Batting: RHB Andrés Medina
|
0-0: Ball 1-0: Ball 2-0: Fly out, F3 (Popup, 34)
|
Batting: LHB Héctor Barrios
|
0-0: Ball 1-0: Ball 2-0: Swinging Strike 2-1: Called Strike 2-2: Strikes out swinging
|
Bottom of the 5th over - 2 run(s), 2 hit(s), 0 error(s), 0 left on base; Little Caesars 2 - Athletic Club KC Academy 4 |
TOP OF THE 6TH |
Little Caesars Hot N Readys batting - Pitching for Athletic Club KC Academy : LHP Jesús Otero
|
Batting: RHB Luis Aragón
|
0-0: Ball 1-0: Ball 2-0: Ball 3-0: Swinging Strike 3-1: Called Strike 3-2: Strikes out swinging
|
Batting: RHB Júlio Morín
|
0-0: Fly out, F5 (Popup, 5D)
|
Batting: LHB Sean Angwin
|
0-0: Ball 1-0: Called Strike 1-1: Called Strike 1-2: Ball 2-2: Fly out, F7 (Flyball, 7S)
|
Top of the 6th over - 0 run(s), 0 hit(s), 0 error(s), 0 left on base; Little Caesars 2 - Athletic Club KC Academy 4 |
BOTTOM OF THE 6TH |
Athletic Club KC Academy batting - Pitching for Little Caesars Hot N Readys : RHP Luis Bustamante
|
Batting: RHB Khal Drogo
|
0-0: Ball 1-0: Called Strike 1-1: Fly out, F7 (Line Drive, 7S)
|
Batting: RHB Kenny Smith
|
0-0: Foul Ball, location: 2F 0-1: Ball 1-1: Ball 2-1: Ball 3-1: Base on Balls
|
Batting: RHB Fernando Rodríguez
|
0-0: Ball 1-0: Called Strike 1-1: Foul Ball, location: 2F 1-2: Fly out, F7 (Flyball, 7D)
|
Batting: SHB Gerald Merendino
|
0-0: Called Strike 0-1: Swinging Strike 0-2: Ball 1-2: Ball 2-2: Foul Ball, location: 2F 2-2: Ball 3-2: Base on Balls Kenny Smith to second
|
Pitching: RHP Gabriel Escobar
|
|
Batting: RHB Jesús Vargas
|
0-0: Swinging Strike 0-1: Ball 1-1: Foul Ball, location: 2F 1-2: Strikes out swinging
|
Bottom of the 6th over - 0 run(s), 0 hit(s), 0 error(s), 2 left on base; Little Caesars 2 - Athletic Club KC Academy 4 |
TOP OF THE 7TH |
Little Caesars Hot N Readys batting - Pitching for Athletic Club KC Academy : LHP Jesús Otero
|
Now in RF: Dani Reyes
|
|
Batting: LHB Greg Scroggins
|
0-0: Called Strike 0-1: Ball 1-1: Foul Ball, location: 2F 1-2: Foul Ball, location: 2F 1-2: Foul Ball, location: 2F 1-2: Fly out, F9 (Flyball, 89M)
|
Pitching: RHP Claudio Valenzuela
|
|
Batting: SHB Bernard Gauthier
|
0-0: Ball 1-0: Called Strike 1-1: Ball 2-1: Foul Ball, location: 2F 2-2: SINGLE (Groundball, 56S) (infield hit)
|
Batting: SHB Allen Pandey
|
0-0: Called Strike 0-1: Ball 1-1: Grounds out, U3 (Groundball, 3L)
|
Batting: LHB Pedro García
|
0-0: Ball Wild Pitch! Bernard Gauthier to third 1-0: Ball 2-0: Ball 3-0: Called Strike 3-1: Swinging Strike 3-2: Foul Ball, location: 2F 3-2: Base on Balls
|
Pinch Hitting: LHB Lance Antle
|
0-0: Ball 1-0: DOUBLE (Flyball, 78M) Bernard Gauthier scores Pedro García to third Runner from 3rd tries for Home, throw and OUT!
|
Top of the 7th over - 1 run(s), 2 hit(s), 0 error(s), 1 left on base; Little Caesars 3 - Athletic Club KC Academy 4 |
BOTTOM OF THE 7TH |
Athletic Club KC Academy batting - Pitching for Little Caesars Hot N Readys : RHP Gabriel Escobar
|
Now in CF: Lance Antle
|
|
Batting: RHB Rafael García
|
0-0: Ball 1-0: Called Strike 1-1: Ground out 5-3 (Groundball, 56S)
|
Batting: LHB Tsai Ng
|
0-0: Called Strike 0-1: Fly out, F7 (Flyball, 7)
|
Batting: RHB Andrés Medina
|
0-0: Ball 1-0: Foul Ball, location: 2F 1-1: Ball 2-1: Fly out, F9 (Flyball, 9LS)
|
Bottom of the 7th over - 0 run(s), 0 hit(s), 0 error(s), 0 left on base; Little Caesars 3 - Athletic Club KC Academy 4 |
TOP OF THE 8TH |
Little Caesars Hot N Readys batting - Pitching for Athletic Club KC Academy : RHP Claudio Valenzuela
|
Batting: RHB Lorenzo Ruíz
|
0-0: Ball 1-0: Ground out 4-3 (Groundball, 4)
|
Batting: RHB Luis Aragón
|
0-0: Called Strike 0-1: Ball 1-1: Ball 2-1: Ball 3-1: Foul Ball, location: 2F 3-2: Base on Balls
|
Pinch Hitting: SHB Dan Hunt
|
0-0: Ball 1-0: Ball 2-0: Foul Ball, location: 2F 2-1: Ball 3-1: Called Strike 3-2: Strikes out swinging
|
Pitching: LHP Andrew Sprowle
|
|
Pinch Hitting: RHB Steve Hilburn
|
0-0: Ball 1-0: Foul Ball, location: 2F 1-1: Ball 2-1: Called Strike 2-2: Foul Ball, location: 2F 2-2: Ball 3-2: Foul Ball, location: 2F 3-2: Fly out, F8 (Flyball, 8LM)
|
Top of the 8th over - 0 run(s), 0 hit(s), 0 error(s), 1 left on base; Little Caesars 3 - Athletic Club KC Academy 4 |
BOTTOM OF THE 8TH |
Athletic Club KC Academy batting - Pitching for Little Caesars Hot N Readys : RHP Gabriel Escobar
|
Now at 3B: Steve Hilburn
|
|
Now in RF: David Hunt
|
|
Batting: LHB Héctor Barrios
|
0-0: Called Strike 0-1: Swinging Strike 0-2: Foul Ball, location: 2F 0-2: Foul Ball, location: 2F 0-2: Ball 1-2: Strikes out looking
|
Batting: RHB Khal Drogo
|
0-0: Ball 1-0: Ball 2-0: Called Strike 2-1: Fly out, F6 (Popup, 6)
|
Batting: RHB Kenny Smith
|
0-0: Called Strike 0-1: DOUBLE (Groundball, 5L)
|
Pinch Hitting: LHB Byron Vallin
|
0-0: Ball 1-0: Ball 2-0: Ball 3-0: Swinging Strike 3-1: Base on Balls
|
Batting: SHB Gerald Merendino
|
0-0: Ball 1-0: Ball 2-0: Ball 3-0: Base on Balls Kenny Smith to third Byron Vallin to second
|
Batting: RHB Dani Reyes
|
0-0: Swinging Strike 0-1: DOUBLE (Line Drive, 78D) Kenny Smith scores Byron Vallin scores Gerald Merendino to third
|
Batting: RHB Rafael García
|
0-0: Ball 1-0: Ball 2-0: Ground out 6-3 (Groundball, 6)
|
Bottom of the 8th over - 2 run(s), 2 hit(s), 0 error(s), 2 left on base; Little Caesars 3 - Athletic Club KC Academy 6 |
TOP OF THE 9TH |
Little Caesars Hot N Readys batting - Pitching for Athletic Club KC Academy : LHP Andrew Sprowle
|
Pitching: RHP Jeremy G. Wentworth
|
|
Now in LF: Devin Ferris
|
|
Batting: LHB Greg Scroggins
|
0-0: Foul Ball, location: 2F 0-1: Foul Ball, location: 2F 0-2: Ball 1-2: Ball 2-2: Ball 3-2: Base on Balls
|
Batting: SHB Bernard Gauthier
|
0-0: Swinging Strike 0-1: Ball 1-1: Swinging Strike 1-2: Fly out, F8 (Flyball, 8LS)
|
Batting: SHB Allen Pandey
|
0-0: Called Strike 0-1: Ball 1-1: Ball 2-1: Ball 3-1: Foul Ball, location: 2F 3-2: Strikes out swinging
|
Batting: LHB Pedro García
|
0-0: Ball 1-0: Called Strike 1-1: Foul Ball, location: 2F 1-2: Ball 2-2: Foul Ball, location: 2F 2-2: Ball 3-2: Base on Balls Greg Scroggins to second
|
Batting: LHB Lance Antle
|
0-0: Swinging Strike 0-1: Ball 1-1: Ball 2-1: Ball 3-1: Base on Balls Greg Scroggins to third Pedro García to second
|
Batting: RHB Lorenzo Ruíz
|
0-0: Called Strike 0-1: Ball 1-1: Foul Ball, location: 2F 1-2: SINGLE (Groundball, 34D) Greg Scroggins scores Pedro García to third Lance Antle to second Runner from 3rd tries for Home, SAFE, no throw
|
Batting: RHB Luis Aragón
|
0-0: Called Strike 0-1: Ball 1-1: Fly out, F9 (Flyball, 89S)
|
Top of the 9th over - 2 run(s), 1 hit(s), 0 error(s), 2 left on base; Little Caesars 5 - Athletic Club KC Academy 6 |
|